 Dungeon Crawl Stone Soup version 0.28.0-45-g0d030f2227 (webtiles) character file.

Game seed: 18114809821600270868

2030 pkoi the Chiller (level 8, -1/57 HPs)
             Began as a Demigod Ice Elementalist on Apr 21, 2022.
             Slain by a hornet zombie (5 damage)
             ... on level 5 of the Dungeon.
             The game lasted 00:18:22 (9341 turns).

pkoi the Chiller (Demigod Ice Elementalist)         Turns: 9341, Time: 00:18:23

Health: -1/57      AC:  4    Str:  9    XL:     8   Next: 73%
Magic:  14/14      EV: 12    Int: 25    God:
Gold:   299        SH:  0    Dex: 14    Spells: 5/11 levels left

rFire   . . .      SeeInvis .   b - +1 rapier
rCold   . . .      Faith    .   (no shield)
rNeg    . . .      Spirit   .   a - +1 robe
rPois   .          Reflect  .   (no helmet)
rElec   .          Harm     .   (no cloak)
rCorr   .          Rampage  .   (no gloves)
Will    .....                   m - +0 pair of boots
Stlth   ++........              (no amulet)
HPRegen 0.19/turn               (no ring)
MPRegen 0.14/turn               (no ring)

@: no status effects
A: high MP 1, forlorn, divine attributes
a: no special abilities


You were on level 5 of the Dungeon.
You visited 1 branch of the dungeon, and saw 6 of its levels.

You collected 339 gold pieces.
You spent 40 gold pieces at shops.

Inventory:

Hand Weapons
 b - a +1 rapier (weapon)
Missiles
 d - 2 throwing nets
 l - 4 poisoned darts (quivered)
Armour
 a - a +1 robe (worn)
 m - a +0 pair of boots (worn)
 t - a +0 pair of gloves
Jewellery
 e - a ring of resist corrosion
Wands
 n - a wand of acid (7)
Scrolls
 g - 3 scrolls of fog
 h - 2 scrolls of enchant armour
Potions
 c - 2 potions of haste {unknown}
 i - 3 potions of berserk rage {unknown}
 j - a potion of lignification {unknown}
 k - a potion of brilliance {unknown}
 o - a potion of cancellation
 q - a potion of heal wounds {unknown}
 r - a potion of magic {unknown}


   Skills:
 + Level 0.0 Fighting
 + Level 3.9 Long Blades
 + Level 1.7 Dodging
 - Level 1.7 Stealth
 - Level 3.2 Unarmed Combat
 + Level 2.0 Spellcasting
 + Level 7.2 Ice Magic
 - Level 4.5 Air Magic
 - Level 4.6 Poison Magic


You had 5 spell levels left.
You knew the following spells:

 Your Spells              Type           Power      Damage    Failure   Level
a - Freeze                Ice            100%       1d11      1%          1
b - Frozen Ramparts       Ice            76%        1d9       1%          3
c - Poisonous Vapours     Pois/Air       50%        N/A       2%          2

Your spell library contained the following spells:

 Spells                   Type           Power      Damage    Failure   Level
 Ozocubu's Armour         Ice            38%        N/A       1%          3
 Sting                    Tmut/Pois      56%        1d5       4%          1
 Animate Skeleton         Necr           4%         N/A       11%         1
 Pain                     Necr           8%         1d4       11%         1
 Olgreb's Toxic Radiance  Pois           25%        N/A       16%         4
 Sublimation of Blood     Necr           2%         N/A       17%         2
 Wereblood                Tmut           2%         N/A       17%         2
 Hailstorm                Conj/Ice       20%        3d6       26%         4
 Gell's Gravitas          Tloc           2%         N/A       32%         3
 Lesser Beckoning         Tloc           2%         N/A       32%         3
 Stone Arrow              Conj/Erth      4%         3d7       32%         3
 Teleport Other           Tloc           2%         N/A       32%         3
 Vampiric Draining        Necr           2%         2d6       32%         3
 Animate Armour           Summ/Erth      4%         N/A       73%         4
 Summon Hydra             Summ           1%         N/A       100%        7
 Lehudib's Crystal Spear  Conj/Erth      1%         10d2      100%        8


Dungeon Overview and Level Annotations

Branches:
Dungeon (6/15)             Temple (0/1) D:4

Shops:
D:6 ?

Annotations:
D:4 2 transporters
D:5 Grinder
D:6 2 runed translucent doors, abstractfish's ghost, novice HOFi


Innate Abilities, Weirdness & Mutations

You have an increased reservoir of magic. (+10% MP)
You shall have no god before yourself.
Your divine heritage dramatically boosts your attributes as you level up.


Message History

You puncture the hornet zombie!
The hornet zombie is heavily damaged.
The hornet zombie barely misses you.
You hit the hornet zombie.
The hornet zombie is heavily damaged.
The hornet zombie hits you.
* * * LOW HITPOINT WARNING * * *
The hornet zombie hits you.
* * * LOW HITPOINT WARNING * * *
You hit the hornet zombie.
The hornet zombie is heavily damaged.
The hornet zombie barely misses you.
You barely miss the hornet zombie.
The hornet zombie is heavily damaged.
The hornet zombie hits you!
* * * LOW HITPOINT WARNING * * *
The hornet zombie hits you.
* * * LOW HITPOINT WARNING * * *
You hit the hornet zombie but do no damage.
The hornet zombie is heavily damaged.
The hornet zombie hits you.
* * * LOW HITPOINT WARNING * * *
You barely miss the hornet zombie.
The hornet zombie is heavily damaged.
The hornet zombie misses you.
You hit the hornet zombie.
The hornet zombie is heavily damaged.
The hornet zombie barely misses you. The hornet zombie hits you.
* * * LOW HITPOINT WARNING * * *
You hit the hornet zombie.
The hornet zombie is severely damaged.
The hornet zombie barely misses you.
You hit the hornet zombie.
The hornet zombie is severely damaged.
The hornet zombie hits you.
* * * LOW HITPOINT WARNING * * *
The hornet zombie hits you!
* * * LOW HITPOINT WARNING * * *
The hornet zombie hits you.
You die...

.##..######....####.........####.
###.## #.#.## ##.......## ##
....# #.#### ##..5..## # ##.##
#....# #####...### ##.# #....#
#.........# ...# ##...#
#.####.##.# #### ##.## #.# #.##.#
# #.####.####.##.# #### #
#...@Z.......#.# #... #
######.##......# #.#.
#..###...#.###...
#.########......#
#........######## ###.#..#.'.
#......# #......# #.#..#.#


You could see a hornet zombie.

Vanquished Creatures
  5 yaks (D:6)
  2 water moccasins (D:5)
  An ice beast (D:5)
  A sky beast (D:6)
  A necrophage (D:5)
  2 scorpions
  A gnoll sergeant (D:6)
  2 gnoll shamans
  An orc priest (D:5)
  A hound (D:5)
  Jessica (D:2)
  3 orc wizards (D:5)
  Terence (D:2)
  An iguana (D:5)
  2 hound skeletons
  17 gnolls
  6 adders
  A shadow imp (D:5)
  An ufetubus (D:5)
  2 adder skeletons
  2 worms
  3 dart slugs
  11 orcs
  3 bats
  5 endoplasms
  2 giant cockroaches
  4 goblins
  6 hobgoblins
  12 jackals
  2 quokkas
  9 ball pythons
  A ball python skeleton (D:2)
  4 frilled lizards
  5 kobolds
  3 rats
124 creatures vanquished.

Vanquished Creatures (others)
  A human (D:3)
1 creature vanquished.

Grand Total: 125 creatures vanquished

Notes
Turn   | Place    | Note
-------+----------+-------------------------------------------
     0 | D:1      | pkoi the Demigod Ice Elementalist began the quest for the
                  | Orb.
     0 | D:1      | Reached XP level 1. HP: 14/14 MP: 5/5
   446 | D:1      | Reached skill level 4 in Ice Magic
   481 | D:1      | Reached XP level 2. HP: 6/20 MP: 1/7
  1679 | D:2      | Reached XP level 3. HP: 14/26 MP: 5/8
  2041 | D:1      | Learned a level 3 spell: Frozen Ramparts
  2480 | D:2      | Reached skill level 1 in Unarmed Combat
  2793 | D:2      | Reached XP level 4. HP: 28/33 MP: 5/9
  2794 | D:2      | Reached skill level 5 in Ice Magic
  3024 | D:2      | You fall into a shaft and drop 1 floor!
  3244 | D:2      | Noticed Terence
  3262 | D:2      | Learned a level 2 spell: Poisonous Vapours
  3308 | D:2      | Killed Terence
  3629 | D:2      | Noticed Jessica
  3640 | D:2      | Killed Jessica
  3728 | D:3      | Reached XP level 5. HP: 31/38 MP: 10/10
  4548 | D:3      | Noticed a human
  4549 | D:3      | Killed a human
  4967 | D:4      | Found a staircase to the Ecumenical Temple.
  5187 | D:4      | Reached skill level 1 in Poison Magic
  5190 | D:4      | Reached skill level 1 in Air Magic
  5383 | D:4      | Found a transporter.
  5536 | D:4      | Found a transporter.
  5538 | D:4      | Noticed an ice beast
  5538 | D:4      | Noticed an ice beast
  6703 | D:5      | Entered Level 5 of the Dungeon
  6703 | D:5      | Noticed a water moccasin
  6709 | D:5      | Killed a water moccasin
  6710 | D:5      | Reached XP level 6. HP: 32/45 MP: 6/12
  7073 | D:5      | Noticed a water moccasin
  7082 | D:5      | Killed a water moccasin
  7300 | D:5      | Found the +2 Maxwell's thermic engine {flame, freeze}
  7463 | D:6      | Found a large runed translucent door.
  7463 | D:6      | Found a large runed translucent door.
  7484 | D:6      | Reached skill level 6 in Ice Magic
  7484 | D:6      | Reached XP level 7. HP: 42/50 MP: 4/13
  7549 | D:6      | Noticed abstractfish's ghost (novice HOFi)
  7563 | D:6      | Noticed a yak
  7564 | D:6      | Noticed a yak
  7573 | D:6      | Found Hepreixoym's Magic Scroll Shop.
  7577 | D:6      | Noticed a yak
  7577 | D:6      | Noticed a yak
  7577 | D:6      | Noticed a yak
  7581 | D:6      | Bought 2 scrolls of identify for 40 gold pieces
  7595 | D:6      | Killed a yak
  7596 | D:6      | Reached skill level 1 in Long Blades
  7596 | D:6      | Killed a yak
  7599 | D:6      | Killed a yak
  7602 | D:6      | Killed a yak
  7603 | D:6      | Reached XP level 8. HP: 14/57 MP: 1/14
  7606 | D:6      | HP: 2/57 [yak (11)]
  8263 | D:5      | Reached skill level 7 in Ice Magic
  9279 | D:5      | Noticed Grinder
  9341 | D:5      | Slain by a hornet zombie

Illustrated notes

Levels and vault maps discovered:
D:1:      eino_arrival_tree_alley, layout_basic
D:2:      layout_rooms, serial_undead, serial_undead_d, serial_undead_d,
          serial_undead_e, serial_undead_e, uniq_terence, uniq_jessica
D:3:      layout_basic, amcnicky_altar_gilded, tgw_kikubaaqudgha, serial_curves,
          eino_curves_02, eino_curves_01, chequers_serial_rivers_large_a,
          minmay_statues_item, minmay_between
D:4:      gammafunk_cloud_chamber, layout_loops_ring,
          mainiacjoe_overflow_brackets, minmay_temple_entry_from_below_a,
          kennysheep_generic_room_15
D:5:      minmay_clustersquares, layout_loops_corners, old_standard_altar,
          minmay_shop_enchanted_jewellery, uniq_grinder
D:6:      layout_rooms, good_gods_temple_1, serial_shops, shop,
          ebering_ghost_disaster_area, amcnicky_mini_pool_medium, uniq_edmund

Skill      XL: |  1  2  3  4  5  6  7  8 |
---------------+-------------------------+-----
Ice Magic      | 4 5 6 7 |  7.2
Unarmed Combat | 1 2 3 |  3.2
Spellcasting   | 2 |  2.0
Poison Magic   | 1 2 3 4 |  4.6
Air Magic      | 1 2 3 4 |  4.5
Long Blades    | 2 3 |  3.9
Dodging        | |  1.7
Stealth        | |  1.7

Action                   |  1- 3 |  4- 6 |  7- 9 || total
-------------------------+-------+-------+-------++-------
Melee: Rapier            |    39 |    67 |    58 ||   164
       Punch             |     2 |     3 |     1 ||     6
Throw: Dart              |       |       |     2 ||     2
 Cast: Freeze            |    38 |    11 |     1 ||    50
       Frozen Ramparts   |     4 |    26 |    13 ||    43
       Poisonous Vapours |       |    17 |     9 ||    26
Evoke: Wand              |       |       |     3 ||     3
  Use: Scroll            |     4 |     5 |     3 ||    12
 Stab: Sleeping          |       |     5 |       ||     5
       Distracted        |       |     1 |       ||     1
Armor: Robe              |    23 |    11 |     3 ||    37
Dodge: Dodged            |    55 |    44 |    39 ||   138
